 Dungeon Crawl Stone Soup version 0.28-a0-819-g6ef7baa362 (webtiles) character file.

Game seed: 81378845880385629

270 BinkBink the Slasher (level 6, -12/51 HPs)
             Began as a Palentonga Fighter on Nov 8, 2021.
             Was a Priest of Fedhas.
             Mangled by an ogre (18 damage)
             ... on level 4 of the Dungeon.
             The game lasted 00:08:57 (4175 turns).

BinkBink the Slasher (Palentonga Fighter)           Turns: 4175, Time: 00:08:58

Health: -12/51     AC:  9    Str: 21    XL:     6   Next: 1%
Magic:  6/6        EV:  0    Int:  8    God:    Fedhas [***...]
Gold:   190        SH: 11    Dex: 10    Spells: 5/5 levels left

rFire   . . .      SeeInvis +   a - +0 long sword
rCold   . . .      Faith    .   h - +0 tower shield
rNeg    . . .      Spirit   .   j - +0 plate armour
rPois   .          Reflect  .   (no helmet)
rElec   .          Harm     .   (no cloak)
rCorr   .          Rampage  .   (no gloves)
Will    .....                   (no barding)
Stlth   ..........              (no amulet)
HPRegen 0.17/turn               (no ring)
MPRegen 0.10/turn               (no ring)

@: no status effects
A: large, rugged brown scales 3, see invisible, deformed body, roll 1, armoured
tail
a: Rolling Charge, Renounce Religion, Wall of Briars, Grow Ballistomycete


You were on level 4 of the Dungeon.
You worshipped Fedhas.
Fedhas was most pleased with you.
You visited 1 branch of the dungeon, and saw 4 of its levels.
You also visited: Sewer.

You collected 190 gold pieces.

Inventory:

Hand Weapons
 a - a +0 long sword (weapon)
Armour
 b - a +0 scale mail
 c - a +0 buckler
 h - a +0 tower shield (worn)
 j - a +0 plate armour (worn)
Scrolls
 e - 2 scrolls of identify
 f - a scroll of amnesia
 k - a scroll of torment {unknown}
 l - a scroll of teleportation {unknown}
 m - a scroll of fear
Potions
 d - 2 potions of flight
 g - 2 potions of heal wounds
 i - a potion of curing


   Skills:
 + Level 3.7 Fighting
 + Level 4.1 Long Blades
 + Level 3.3 Armour
 - Level 1.1 Dodging
 + Level 3.2 Shields


You had 5 spell levels left.
You didn't know any spells.
Your spell library contained the following spells:

 Spells                   Type           Power      Damage    Failure   Level
 Inner Flame              Hex/Fire       0%         N/A       100%        3
 Cause Fear               Hex            0%         N/A       100%        4
 Discord                  Hex            0%         N/A       100%        8


Dungeon Overview and Level Annotations

Branches:
Dungeon (4/15)              Sewer (visited)
 Temple: D:4-7

Altars:
Ashenzari
Fedhas
Qazlal
Sif Muna
Uskayaw
Vehumet

Annotations:
D:4 Edmund, Ijyb


Innate Abilities, Weirdness & Mutations

You are completely covered in rugged brown scales. (AC +3, +7% HP)
You have supernaturally acute eyesight. (SInv)
Armour fits poorly on your strangely shaped body.
You can roll at nearby foes to attack.
You have a long armoured tail.


Message History

There is a stone staircase leading up here.
You climb upwards.
There is a stone staircase leading down here.
There is an escape hatch in the floor here.
HP restored.
Done exploring.
You slide downwards.
The hatch slams shut behind you.
Level annotation: Edmund, Ijyb The ogre shouts!
Found Zuuzy's Compendium of Shifting Cold.
You hit the ogre.
The ogre is lightly wounded.
You block the ogre's attack.
You closely miss the ogre.
The ogre is lightly wounded.
You block the ogre's attack.
You barely miss the ogre.
You tail-slap the ogre, but do no damage.
The ogre hits you with a +0 giant spiked club!
You hit the ogre.
The ogre is moderately wounded.
You block the ogre's attack.
The ogre hits you with a +0 giant spiked club!!
You are too injured to fight recklessly!
You slash the ogre!
The ogre is heavily wounded.
You block the ogre's attack.
You hit the ogre.
The ogre is heavily wounded.
The ogre hits you with a +0 giant spiked club!
* * * LOW HITPOINT WARNING * * *
Your plate armour prevents you from hitting the ogre.
The ogre is heavily wounded.
The ogre hits you with a +0 giant spiked club!
* * * LOW HITPOINT WARNING * * *
You slash the ogre!
The ogre is almost dead.
The ogre hits you with a +0 giant spiked club!!
You die...
Fedhas appreciates your contribution to the ecosystem.

......
....^# #.##
♣♣ #...#.
... .♣
..... ##..
.. ...#.
#:.. .
#..#.#
.#####..#.#
.......O..#
#.@# #..#
#..# #..#
#..# #...
#..# ##.#
#..# #.#
#..# #..
#..# ###
#..###


You could see an ogre.

Vanquished Creatures
  A kobold brigand (Sewer)
  A howler monkey (D:4)
  A hound skeleton (D:4)
  Robin (D:3)
  A river rat (Sewer)
  3 adders (D:3)
  An adder skeleton (D:4)
  A worm (D:2)
  A dart slug (D:1)
  6 orcs
  4 ball pythons
  5 bats
  6 endoplasms
  4 giant cockroaches
  12 goblins
  7 hobgoblins
  9 jackals
  8 quokkas
  2 frilled lizards (D:3)
  5 kobolds
  6 rats
85 creatures vanquished.

Vanquished Creatures (others)
  2 plants (D:4)
2 creatures vanquished.

Grand Total: 87 creatures vanquished

Notes
Turn   | Place    | Note
-------+----------+-------------------------------------------
     0 | D:1      | BinkBink the Palentonga Fighter began the quest for the
                  | Orb.
     0 | D:1      | Reached XP level 1. HP: 19/19 MP: 1/1
   251 | D:1      | Reached XP level 2. HP: 20/25 MP: 2/2
   364 | D:1      | Found a faded altar of an unknown god.
   390 | D:1      | Prayed at the altar of an unknown god.
   390 | D:1      | Became a worshipper of Fedhas Madash
   390 | D:1      | Reached * piety under Fedhas
  1503 | D:2      | Reached XP level 3. HP: 17/31 MP: 3/3
  1719 | D:2      | Found a hide-covered altar of Uskayaw.
  2292 | D:3      | Found a stormy altar of Qazlal.
  2300 | D:3      | Found a broken altar of Ashenzari.
  2418 | D:3      | Found a glowing drain.
  2434 | D:3      | Reached ** piety under Fedhas
  2435 | D:3      | Reached XP level 4. HP: 34/37 MP: 4/4
  2442 | D:3      | Reached skill level 3 in Long Blades
  2456 | Sewer    | Entered a sewer
  2665 | Sewer    | Noticed a kobold brigand
  2684 | Sewer    | Killed a kobold brigand
  2685 | Sewer    | Reached XP level 5. HP: 5/43 MP: 5/5
  2979 | Sewer    | Found a white marble altar of Elyvilon.
  3088 | D:3      | Noticed Robin
  3177 | D:3      | Found a radiant altar of Vehumet.
  3177 | D:3      | Found a shimmering blue altar of Sif Muna.
  3360 | D:3      | Killed Robin
  3361 | D:3      | Reached skill level 1 in Dodging
  3720 | D:4      | Noticed Edmund
  4016 | D:4      | Reached skill level 4 in Long Blades
  4067 | D:4      | Reached XP level 6. HP: 40/51 MP: 6/6
  4068 | D:4      | Reached *** piety under Fedhas
  4075 | D:4      | Noticed Ijyb
  4175 | D:4      | Mangled by an ogre

Illustrated notes

Levels and vault maps discovered:
D:1:      matt_arrival_los_fun, layout_basic, dreamdust_ecumenical_altar_statues
D:2:      minmay_wonky_spiral, layout_rooms, basic_altar, minmay_tetromino_i2
D:3:      layout_rooms, chequers_temple_overflow_statue_of_worship,
          jmf_multi_god_temple, gup_sewer_entry_glass, uniq_robin
D:4:      layout_loops_ring, serial_bayou, serial_bayou_ford_a,
          serial_bayou_shore_b, serial_bayou_pond_c, serial_bayou_pond_d,
          uniq_ijyb, uniq_edmund, uniq_grinder

Skill      XL: |  1  2  3  4  5 |
---------------+----------------+-----
Long Blades    | 3 4 |  4.1
Armour         | 3 |  3.3
Shields        | 3 |  3.2
Dodging        | 1 |  1.1
Fighting       | |  3.7

Action                   |  1- 3 |  4- 6 || total
-------------------------+-------+-------++-------
Melee: Long sword        |   116 |   152 ||   268
       Tailslap          |     6 |    17 ||    23
 Abil: Rolling Charge    |       |     1 ||     1
  Use: Potion            |     1 |     6 ||     7
       Scroll            |       |     2 ||     2
Armor: Scale mail        |    91 |    49 ||   140
       Plate armour      |       |    23 ||    23
Dodge: Dodged            |    18 |    15 ||    33
Block: Tower shield      |    69 |   113 ||   182
       Buckler           |     5 |       ||     5

Table legend: (Time is in decaauts)
 A = Elapsed time spent in this place.
 B = Non-inter-level travel time spent in this place.
 C = Inter-level travel time spent in this place.
 D = Time resting spent in this place.
 E = Time spent auto-exploring this place.
 F = Levels seen in this place.
 G = Mean time per level.
                   A        B        C        D        E       F      G
               +--------+--------+--------+--------+--------+-----+--------+
         Total |   4369 |   4196 |    173 |      0 |   3304 |   5 |  873.8 |
       Dungeon |   3749 |   3576 |    173 |      0 |   2813 |   4 |  937.2 |
         Sewer |    620 |    620 |      0 |      0 |    490 |   1 |  620.0 |
               +--------+--------+--------+--------+--------+-----+--------+

Top non-repeatable levels by time:
     D:1: 1423 daAuts
     D:3: 1140 daAuts
     D:2: 920 daAuts
   Sewer: 620 daAuts
     D:4: 264 daAuts
